 Dungeon Crawl Stone Soup version 0.31-a0-1589-g8f5e8aebd6 (webtiles) character file.

Game seed: 12415383473100103699

606 yokelz the Skirmisher (level 7, 0/40 HPs)
             Began as a Gargoyle Hunter on Jan 5, 2024.
             Was an Initiate of Hepliaklqana.
             Slain by Maggie
             ... wielding a +0 glaive
              (3 damage)
             ... on level 6 of the Dungeon.
             The game lasted 00:10:33 (4430 turns).

yokelz the Skirmisher (Gargoyle Hunter)             Turns: 4430, Time: 00:10:34

Health: 0/40       AC: 11    Str: 15    XL:     7   Next: 42%
Magic:  7/7        EV: 11    Int:  9    God:    Hepliaklqana [......]
Gold:   267        SH:  0    Dex: 15    Spells: 6/6 levels left

rFire   + . .        a - +0 shortbow
rCold   . . .        (shield currently unavailable)
rNeg    + . .        n - +1 leather armour {rF+}
rPois   ∞            (no helmet)
rElec   +            (no cloak)
rCorr   .            f - +2 pair of gloves
SInv    .            (no boots)
Will    .....        g - amulet of regeneration
Stlth   ++           (no ring)
HPRegen 1.06/turn    (no ring)
MPRegen 0.10/turn

%: no passive effects
@: studying Armour
A: sickness immunity, AC +4, negative energy resistance 1, electricity
resistance, torment resistance 1, petrification resistance
a: Renounce Religion


You were on level 6 of the Dungeon.
You worshipped Hepliaklqana.
Hepliaklqana was noncommittal.
You visited 2 branches of the dungeon, and saw 7 of its levels.

You collected 267 gold pieces.

Inventory:

Hand Weapons
 a - a +0 shortbow (weapon)
Missiles
 p - 10 javelins
Armour
 c - a +0 leather armour
 f - a +2 pair of gloves (worn)
 j - a +0 ring mail
 n - a +1 leather armour of fire resistance (worn)
Jewellery
 g - an amulet of regeneration (around neck)
 h - a +6 ring of intelligence
 l - an amulet of the acrobat
Wands
 w - a wand of flame (28)
Scrolls
 b - a scroll of butterflies
 d - 2 scrolls of noise
 e - a scroll of blinking {unknown}
 i - 2 scrolls of poison {unknown}
 k - a scroll of revelation {unknown}
 q - 2 scrolls of teleportation
 r - a scroll of enchant weapon {unknown}
 x - a scroll of fear {unknown}
 y - a scroll of torment {unknown}
 B - a scroll of amnesia {unknown}
Potions
 o - a potion of might {unknown}
 s - a potion of brilliance {unknown}
 t - 2 potions of berserk rage {unknown}
 u - a potion of mutation {unknown}
 v - a potion of heal wounds {unknown}
 z - a potion of invisibility {unknown}
 A - a potion of magic {unknown}


   Skills:
 + Level 2.2 Fighting
 * Level 8.8 Ranged Weapons
 + Level 1.5 Dodging
 - Level 1.1 Stealth


You had 6 spell levels left.
You didn't know any spells.
Your spell library contained the following spells:

 Spells                   Type           Power      Damage    Failure   Level
 Magic Dart               Conj           0%         1d3       45%         1
 Sandblast                Erth           0%         2d4       45%         1
 Blink                    Tloc           0%         N/A       58%         2
 Call Imp                 Summ           0%         N/A       58%         2
 Searing Ray              Conj           0%         2d4       58%         2
 Passwall                 Erth           0%         N/A       83%         3
 Stone Arrow              Conj/Erth      0%         3d7       83%         3
 Brom's Barrelling Bould  Conj/Erth      0%         2d3       99%         4
 Fulminant Prism          Conj/Alch      0%         3d5       99%         4
 Summon Hydra             Summ           0%         N/A       100%        7
 Sublimation of Blood     Necr           Unusable   N/A       N/A         2

Dungeon Overview and Level Annotations

Branches:
Dungeon (6/15)             Temple (1/1) D:6

Altars:
Ashenzari
Cheibriados
Dithmenos
Fedhas
Gozag
Hepliaklqana
Kikubaaqudgha
Makhleb
Nemelex Xobeh
Okawaru
Ru
Sif Muna
Trog
Uskayaw
Vehumet
Xom

Annotations:
D:6 Maggie


Innate Abilities, Weirdness & Mutations

You are immune to sickness and miasma.
Your stone body is resilient. (AC +4)
You are immune to poison.
You resist negative energy. (rN+)
You are resistant to electric shocks. (rElec)
You are resistant to unholy torment.
You are immune to petrification.


Message History

Press: ? - help, Q - select action, (/) - cycle Shift-Dir - straight line, f/p - Maggie
Aim: Maggie, wielding a +0 glaive, wearing +0 acid dragon scales and carrying a wand of charming (severely wounded, 64% to hit)
You shoot an arrow. The arrow completely misses Maggie.
Fire: a) +0 shortbow
Press: ? - help, Q - select action, (/) - cycle Shift-Dir - straight line, f/p - Maggie
Aim: Maggie, wielding a +0 glaive, wearing +0 acid dragon scales and carrying a wand of charming (severely wounded, 64% to hit)
You shoot an arrow.
The arrow hits Maggie but does no damage.
Maggie is severely wounded.
Maggie gestures at you while chanting. The bolt of fire hits you! You resist.
* * * LOW HITPOINT WARNING * * *
Fire: a) +0 shortbow
Press: ? - help, Q - select action, (/) - cycle Shift-Dir - straight line, f/p - Maggie
Aim: Maggie, wielding a +0 glaive, wearing +0 acid dragon scales and carrying a wand of charming (severely wounded, 64% to hit)
You shoot an arrow. The arrow hits Maggie.
Maggie is severely wounded.
Maggie zaps a wand.
You resist with some effort.
Fire: a) +0 shortbow
Press: ? - help, Q - select action, (/) - cycle Shift-Dir - straight line, f/p - Maggie
Aim: Maggie, wielding a +0 glaive, wearing +0 acid dragon scales and carrying a wand of charming (severely wounded, 64% to hit)
You shoot an arrow. The arrow hits Maggie.
Maggie is severely wounded.
Maggie hits you but does no damage.
Fire: a) +0 shortbow
Press: ? - help, Q - select action, (/) - cycle Shift-Dir - straight line, f/p - Maggie
Aim: Maggie, wielding a +0 glaive, wearing +0 acid dragon scales and carrying a wand of charming (severely wounded, 64% to hit)
You shoot an arrow.
The arrow hits Maggie but does no damage.
Maggie is severely wounded.
Maggie hits you from afar with a +0 glaive!
* * * LOW HITPOINT WARNING * * *
Fire: a) +0 shortbow
Press: ? - help, Q - select action, (/) - cycle Shift-Dir - straight line, f/p - Maggie
Aim: Maggie, wielding a +0 glaive, wearing +0 acid dragon scales and carrying a wand of charming (severely wounded, 64% to hit)
You shoot an arrow.
The arrow hits Maggie but does no damage.
Maggie is severely wounded.
Maggie hits you from afar with a +0 glaive.
You die...

#.....###.#.....#
####....#.#...###
#.##......##
#.###.#.### #.#
#...# ###.###.###
#...@.#.#
#######.###.#.#
#.......# #@#.#
#.#####.###.#.#
#.# #.....#.# #.#
#######)# #.# ###
#.# #.# #.# #.#


You could see Maggie.

Vanquished Creatures
  A kobold brigand (D:4)
  A scorpion (D:5)
  2 bombardier beetles
  3 orc priests (D:5)
  A jelly (D:4)
  Terence (D:2)
  7 gnolls
  5 adders
  A white imp (D:5)
  2 ribbon worms
  4 dart slugs
  25 orcs
  8 bats
  8 endoplasms
  3 giant cockroaches
  8 hobgoblins
  5 jackals
  13 kobolds
  6 quokkas
  6 ball pythons
  3 frilled lizards
  6 goblins
  4 rats
123 creatures vanquished.

Notes
Turn   | Place    | Note
-------+----------+-------------------------------------------
     0 | D:1      | yokelz the Gargoyle Hunter began the quest for the Orb.
     0 | D:1      | Reached XP level 1. HP: 12/12 MP: 1/1
   121 | D:1      | Reached XP level 2. HP: 17/17 MP: 2/2
   238 | D:1      | Found a faded altar of an unknown god.
   337 | D:1      | Reached XP level 3. HP: 21/21 MP: 3/3
   474 | D:1      | Reached skill level 5 in Ranged Weapons
   983 | D:2      | Reached XP level 4. HP: 23/26 MP: 4/4
  1064 | D:2      | Noticed Terence
  1072 | D:2      | Killed Terence
  1136 | D:3      | Reached skill level 6 in Ranged Weapons
  1547 | D:3      | Reached XP level 5. HP: 30/30 MP: 5/5
  2606 | D:4      | Reached skill level 7 in Ranged Weapons
  2768 | D:4      | Noticed a kobold brigand
  2781 | D:4      | Killed a kobold brigand
  2782 | D:4      | Reached XP level 6. HP: 29/35 MP: 6/6
  3021 | D:4      | You fall into a shaft and drop 1 floor!
  3021 | D:5      | Entered Level 5 of the Dungeon
  3429 | D:5      | Reached skill level 8 in Ranged Weapons
  3451 | D:5      | Found a radiant altar of Vehumet.
  3552 | D:5      | Reached XP level 7. HP: 40/40 MP: 7/7
  4291 | D:6      | Found a staircase to the Ecumenical Temple.
  4314 | Temple   | Entered the Ecumenical Temple
  4318 | Temple   | Became a worshipper of Hepliaklqana the Forgotten
  4347 | D:6      | Noticed Maggie
  4429 | D:6      | HP: 2/40 [Maggie/+0 glaive (11)]
  4430 | D:6      | Slain by Maggie

Illustrated notes

Levels and vault maps discovered:
D:1:      elethiomel_arrival_quiet, layout_basic,
          hellmonk_ecumenical_altar_arch_garden
D:2:      layout_basic, uniq_terence
D:3:      minmay_diamond_boxcup, layout_loops_corners
D:4:      cheibrodos_thug_alley, layout_loops_corners
D:5:      layout_basic, vehumet_crystals, minmay_manual_maat
D:6:      layout_loops_ring, mainiacjoe_overflow_cross_hatched,
          minmay_temple_entry_slanted,
          mainiacjoe_sewer_entry_somewhere_in_here_2,
          eino_small_chamber_without_monster, uniq_maggie
Temple:   hellmonk_temple_two_chambers

Skill      XL: |  1  2  3  4  5  6 |
---------------+-------------------+-----
Ranged Weapons | 5 6 7 8 |  8.8
Fighting       | |  2.2
Dodging        | |  1.5
Stealth        | |  1.1

Action                     |  1- 3 |  4- 6 |  7- 9 || total
---------------------------+-------+-------+-------++-------
   Fire: Shortbow          |    97 |   232 |   136 ||   465
    Use: Scroll            |     1 |       |     1 ||     2
         Potion            |       |       |     2 ||     2
 Armour: Leather armour    |    15 |    51 |    83 ||   149
         Ring mail         |    21 |     6 |       ||    27
  Dodge: Dodged            |    34 |    54 |    79 ||   167

Table legend: (Time is in decaauts)
 A = Elapsed time spent in this place.
 B = Non-inter-level travel time spent in this place.
 C = Inter-level travel time spent in this place.
 D = Time resting spent in this place.
 E = Time spent auto-exploring this place.
 F = Levels seen in this place.
 G = Mean time per level.
                   A        B        C        D        E       F      G
               +--------+--------+--------+--------+--------+-----+--------+
         Total |   4481 |   4272 |    209 |     12 |   3390 |   7 |  640.1 |
       Dungeon |   4472 |   4263 |    209 |     12 |   3390 |   6 |  745.3 |
        Temple |      8 |      8 |      0 |      0 |      0 |   1 |    8.0 |
               +--------+--------+--------+--------+--------+-----+--------+

Top non-repeatable levels by time:
     D:4: 1048 daAuts
     D:5: 942 daAuts
     D:3: 904 daAuts
     D:1: 814 daAuts
     D:2: 575 daAuts
     D:6: 187 daAuts
  Temple: 8 daAuts
